Map: Whispers of Gold

Players

SZNightMare (NightMare)

  • Race: Protoss Protoss
  • Spawn Location: 9:00

LiquidClem (Clem) - Winner!

  • Race: Terran Terran
  • League: Grandmaster
  • Spawn Location: 5:00

Event: HomeStory Cup XXVI

VOD

https://www.youtube.com/watch?v=358Arl8IInk

Description

Time

  • Played on: Dec. 1, 2024, 8:32 a.m.
  • Length: 11:54

All games in this series

Show
View Real Time Build Order
Export as new Build Order

SZNightMare Protoss 

Build Orders: 1 Gate Expand, Blink Stalkers 

Get SALT Encoding   

  12  0:00  Probe  
  13  0:12  Probe  
  14  0:17  Pylon  
  14  0:24  Probe  
  15  0:32  Probe  
  15  0:37  Gateway  
  15  0:40  Probe  
  16  0:48  Assimilator  
  17  0:51  Probe  
  18  1:03  Probe  
  19  1:15  Probe  
  20  1:24  Cybernetics Core  
  20  1:27  Probe  
  21  1:42  Nexus  
  21  1:47  Pylon  
  21  1:50  Probe  
  22  1:55  Adept  
  22  1:56  Assimilator  
  22  2:02  Probe  
  22  2:08  Warp Gate  
  25  2:15  Probe  
  26  2:22  Twilight Council  
  26  2:27  Probe  
  26  2:29  Stalker  
  27  2:33  Blink  
  29  2:39  Probe  
  30  2:49  Gateway  
  30  2:52  Probe  
  30  2:55  Probe  
  33  3:05  Probe  
  33  3:11  Probe  
  33  3:17  Stalker, Probe  
  34  3:23  Probe  
  37  3:29  Probe  
  38  3:35  Probe  
  37  3:42  Probe  
  37  3:44  Robotics Facility  
  37  3:46  Gateway  
  37  3:47  Probe  
  39  3:52  Pylon  
  39  3:54  Probe  
  40  3:57  Stalker  
  40  3:58  Stalker  
  40  4:00  Probe  
  45  4:09  Probe x2  
  46  4:18  Assimilator  
  46  4:19  Assimilator, Pylon, Probe  
  46  4:20  Stalker, Probe  
  50  4:26  Stalker  
  50  4:29  Probe  
  50  4:30  Probe  
  52  4:37  Observer  
  55  4:43  Probe x2  
  54  4:55  Probe  
  54  4:56  Probe  
  56  5:07  Nexus  
  56  5:08  Templar Archives  
  56  5:09  Pylon  
  56  5:15  Charge  
  56  5:17  Pylon  
  56  5:24  Gateway x2  
  56  5:29  Psionic Storm  
  56  5:30  Gateway  
  56  5:33  Gateway  
  56  5:35  Gateway  
  55  5:38  Probe  
  55  5:39  Probe  
  57  5:43  Shield Battery, Pylon  
  57  5:50  High Templar  
  57  5:54  Zealot  
  61  5:59  High Templar  
  61  6:00  Probe x2  
  65  6:05  Pylon  
  65  6:08  Warp Prism, Shield Battery  
  65  6:12  Probe x2  
  65  6:16  High Templar  
  69  6:22  Probe  
  69  6:24  Probe x2  
  73  6:29  Stalker  
  74  6:36  Probe x2  
  74  6:41  Pylon  
  74  6:42  High Templar  
  74  6:43  Zealot x2  
  74  6:45  Probe  
  81  6:48  Probe  
  81  6:51  High Templar  
  81  6:52  Probe  
  85  6:56  Zealot  
  85  6:57  Probe  
  85  7:00  Probe  
  89  7:04  Pylon  
  89  7:05  High Templar, Pylon  
  89  7:06  Zealot x2  
  95  7:09  Zealot  
  95  7:12  Probe x2  
  95  7:13  Probe  
  100  7:20  Forge  
  100  7:22  Zealot x2  
  104  7:28  High Templar  
  104  7:29  Zealot x2  
  89  7:37  Zealot  
  79  7:43  Stalker x3  
  79  7:49  Probe x2  
  79  7:50  Zealot x2  
  81  7:55  Probe  
  82  8:01  Shield Battery, Probe  
  82  8:03  Probe  
  84  8:08  Probe  
  84  8:12  Zealot x5  
  91  8:13  Zealot x2, Probe  
  94  8:32  Probe x3  
  91  8:34  Zealot x6  
  96  8:44  Archon, Probe x2  
  96  8:54  High Templar x2  
  100  8:57  Zealot x5  
  100  8:59  Pylon  
  111  9:17  High Templar  
  111  9:18  Zealot x4  
  119  9:31  Zealot x2  
  119  9:37  Robotics Facility  
  91  9:46  Archon  
  91  9:48  Zealot x4  
  91  9:51  Nexus  
  89  9:53  Nexus  
  89  9:55  Zealot  
  89  9:56  High Templar  
  89  9:57  High Templar  
  93  10:04  Pylon  
  89  10:09  Zealot  
  89  10:12  High Templar  
  91  10:22  Zealot x3  
  97  10:32  Pylon  
  97  10:36  High Templar  
  99  10:45  Probe x2  
  101  10:53  Zealot x2  
  101  10:56  High Templar  
  105  10:57  Probe  
  105  11:01  Archon  
  102  11:07  Zealot x3  
  102  11:19  Probe x3  
  102  11:23  Zealot x3  
  97  11:36  Archon  
  97  11:37  Zealot x4  
  79  11:49  Zealot x3  
Show
View Real Time Build Order
Export as new Build Order

LiquidClem Terran - Winner!

Build Orders: Reaper Expand 

Get SALT Encoding   

  12  0:00  SCV  
  13  0:12  SCV  
  14  0:17  Supply Depot  
  14  0:24  SCV  
  15  0:39  SCV  
  15  0:40  Barracks  
  16  0:44  Refinery  
  16  0:51  SCV  
  17  1:03  SCV  
  18  1:15  SCV  
  19  1:27  Orbital Command, Reaper  
  20  1:43  Command Center  
  20  1:52  Supply Depot  
  20  1:55  SCV  
  20  1:59  Marine  
  22  2:07  SCV  
  23  2:10  Factory  
  23  2:17  Bunker  
  23  2:21  SCV  
  24  2:23  Barracks Reactor  
  24  2:29  Refinery  
  24  2:33  SCV  
  25  2:45  SCV  
  26  2:55  Hellion  
  26  2:56  Orbital Command  
  28  2:58  SCV  
  28  3:00  Starport  
  28  3:03  Marine  
  30  3:10  SCV  
  31  3:18  Widow Mine  
  33  3:20  Supply Depot  
  33  3:22  SCV  
  33  3:23  SCV  
  33  3:25  Marine  
  36  3:27  Marine  
  37  3:34  SCV  
  37  3:35  SCV  
  37  3:38  Medivac  
  37  3:40  Widow Mine  
  43  3:46  SCV  
  43  3:47  Supply Depot, SCV  
  45  3:48  Marine  
  45  3:50  Marine  
  47  3:56  Barracks  
  47  3:59  SCV x2  
  49  4:02  Factory Tech Lab  
  49  4:06  Marine  
  49  4:07  Marine  
  48  4:11  SCV x2, Starport Tech Lab  
  50  4:17  Supply Depot  
  50  4:21  Siege Tank  
  50  4:23  SCV x2  
  55  4:26  Marine x2  
  55  4:28  Refinery  
  55  4:31  Raven  
  59  4:35  SCV x2  
  61  4:41  Bunker  
  61  4:44  Supply Depot, Marine  
  58  4:46  Marine  
  58  4:47  SCV, Marine  
  58  4:49  SCV  
  62  4:52  Engineering Bay  
  62  4:55  Supply Depot  
  62  4:59  Siege Tank  
  65  5:00  SCV  
  65  5:03  SCV  
  67  5:10  Barracks  
  67  5:11  Marine  
  67  5:12  SCV, Marine  
  70  5:15  SCV  
  70  5:19  Marauder, Stimpack  
  70  5:20  Terran Infantry Weapons Level 1  
  73  5:23  Supply Depot  
  73  5:25  SCV  
  74  5:29  Refinery  
  74  5:30  SCV  
  74  5:33  Starport Reactor  
  75  5:37  Supply Depot, SCV  
  75  5:39  Marine x2  
  75  5:40  Factory Reactor  
  81  5:43  Marauder  
  81  5:48  Supply Depot  
  81  5:51  SCV  
  81  5:57  Marine x2  
  81  5:59  Command Center  
  81  6:03  Combat Shield  
  83  6:05  Marauder  
  83  6:06  Marauder  
  83  6:11  Supply Depot  
  87  6:14  Marine x2, Medivac  
  87  6:16  Medivac  
  95  6:18  Widow Mine  
  95  6:22  Widow Mine  
  97  6:32  Marine x2  
  97  6:33  Marauder  
  97  6:34  Marauder  
  97  6:39  Barracks  
  103  6:40  Supply Depot, Barracks  
  103  6:43  Widow Mine  
  103  6:45  Widow Mine  
  107  6:49  Medivac  
  107  6:50  Medivac  
  107  6:53  Supply Depot  
  111  6:54  Marine x2  
  111  6:56  SCV  
  111  6:57  SCV  
  111  6:59  Concussive Shells  
  115  7:02  Marauder  
  115  7:05  Marauder  
  119  7:11  Supply Depot, Widow Mine x2  
  119  7:13  SCV  
  119  7:14  SCV  
  125  7:17  Terran Infantry Armor Level 1  
  125  7:18  Marine  
  126  7:24  Marauder  
  126  7:25  SCV  
  126  7:27  Marauder  
  126  7:28  SCV  
  124  7:30  Medivac  
  124  7:32  Barracks Tech Lab, Barracks Reactor  
  124  7:37  Orbital Command  
  124  7:39  Marine  
  124  7:42  Widow Mine x2  
  124  7:43  Marine  
  117  7:45  SCV  
  117  7:49  Marauder  
  117  7:50  Medivac  
  105  7:51  Marauder  
  105  7:53  SCV  
  105  7:57  Marauder  
  110  7:58  SCV  
  110  8:02  Ghost Academy  
  110  8:05  SCV  
  112  8:06  Marine, Widow Mine x2  
  112  8:07  Marine  
  112  8:08  SCV  
  119  8:13  Bunker  
  119  8:14  Marine x2  
  119  8:17  SCV  
  126  8:20  SCV, Marauder x2  
  126  8:25  Marine  
  126  8:26  Armory  
  130  8:27  Marauder  
  130  8:30  Marine, Engineering Bay  
  130  8:33  Widow Mine x2  
  126  8:35  Medivac x2  
  126  8:37  Marine  
  126  8:38  Marine  
  126  8:40  SCV  
  132  8:41  Marauder  
  132  8:45  Supply Depot  
  132  8:46  SCV x2, Refinery x2  
  132  8:47  Ghost  
  137  8:49  Marine  
  137  8:55  Marine, Command Center  
  138  9:01  Marine x2  
  141  9:03  Supply Depot  
  141  9:05  Sensor Tower  
  141  9:07  Orbital Command  
  141  9:09  Barracks  
  141  9:11  Barracks x2  
  141  9:12  Marine  
  141  9:15  Ghost x2  
  147  9:21  Marine x2  
  147  9:22  Orbital Command  
  146  9:25  Ghost  
  146  9:26  Marine  
  150  9:32  Marine  
  151  9:38  Marine  
  151  9:44  Marauder x2  
  148  9:52  Marine, Medivac x2  
  133  9:53  Marine  
  133  9:56  Marauder  
  133  9:59  Marine x2  
  132  10:03  Marine  
  132  10:04  Marine  
  129  10:15  Marine x2  
  129  10:19  Marauder  
  135  10:21  SCV, Marauder  
  135  10:22  Medivac  
  135  10:26  Refinery  
  135  10:27  SCV  
  139  10:28  Refinery  
  139  10:30  Marine x2  
  139  10:31  Marine  
  139  10:33  Marauder  
  144  10:41  Marauder  
  144  10:42  Supply Depot, Marauder  
  148  10:43  Planetary Fortress  
  148  10:45  Marine  
  148  10:47  SCV  
  148  10:48  SCV x2  
  152  10:55  Marauder  
  154  11:00  SCV, Marine  
  154  11:02  Marine, Marauder  
  161  11:04  Liberator, Marauder  
  161  11:05  Marine  
  165  11:14  Marine  
  165  11:16  Marine, Marauder  
  162  11:21  Marine  
  162  11:23  Marauder  
  162  11:25  SCV, Marauder  
  162  11:26  SCV  
  162  11:27  SCV  
  162  11:28  Command Center  
  162  11:32  Marine x2  
  159  11:34  Marine x2  
  159  11:35  Marine  
  159  11:36  Marine  
Tags
 
Add a new tag
Caveats
  • Supply blocks, unpowered buildings, or Contaminate may cause inaccurate times.
  • Supply counts are checked every 10 seconds.